 Dungeon Crawl Stone Soup version 0.31-a0-948-gf5be29c462 (webtiles) character file.

Game seed: 186932413086047095

7493 Descartes the Destroyer (level 10, -12/66 HPs)
             Began as a Demonspawn Hedge Wizard on Oct 21, 2023.
             Mangled by a catoblepas (29 damage)
             ... on level 1 of the Lair of Beasts.
             The game lasted 00:43:43 (14749 turns).

Descartes the Destroyer (Demonspawn Hedge Wizard)  Turns: 14749, Time: 00:43:43

Health: -12/66     AC: 10    Str: 12    XL:     10   Next: 95%
Magic:  21/22      EV: 10    Int: 22    God:
Gold:   541        SH:  0    Dex:  8    Spells: 11/25 levels left

rFire   + + +        f - +5 trident of Omugus {vamp, rPois Int+4}
rCold   . . .        (no shield)
rNeg    . . .        s - +1 scale mail "Niozemol" {rElec rPois rF++ Dex-5}
rPois   +            (helmet restricted)
rElec   +            j - scarf {repulsion}
rCorr   .            (no gloves)
SInv    .            r - +0 pair of boots
Will    .....        (no amulet) Stlth
                     l - ring of protection from fire
HPRegen 0.31/turn    (no ring)
MPRegen 0.18/turn

%: repel missiles
@: no status effects
A: antennae 1, rugged brown scales 2, powered by pain 1, demonic magic 2
a: no special abilities


You were on level 1 of the Lair of Beasts.
You visited 3 branches of the dungeon, and saw 10 of its levels.
You also visited: Sewer.

You collected 541 gold pieces.

Inventory:

Hand Weapons
 a - a +2 dagger of draining
 f - the +5 trident of Omugus (weapon) {vamp, rPois Int+4}
   (You found it on level 8 of the Dungeon)

   Int+4:     It affects your intelligence (+4).
   rPois:     It protects you from poison
 B - a +1 glaive of flaming
 C - a +2 flail of draining
 J - a +0 dagger of electrocution
 N - a +3 morningstar of freezing
Missiles
 i - 4 javelins
 o - 19 poisoned darts
 I - 2 boomerangs
 O - 2 throwing nets
Armour
 c - a +0 hat
 j - a scarf of repulsion (worn)
 r - a +0 pair of boots (worn)
 s - the +1 scale mail "Niozemol" (worn) {rElec rPois rF++ Dex-5}
   (You found it on level 3 of the Dungeon)

   Dex-5:     It affects your dexterity (-5).
   rF++:      It greatly protects you from fire.
   rElec:     It insulates you from electricity.
   rPois:     It protects you from poison
 w - a +0 helmet
Magical Staves
 b - a staff of conjuration
Jewellery
 l - a ring of protection from fire (left hand)
 A - the amulet of Discord {Reflect rPois rCorr Int+8 Dex-2 SH+5}
   (You found it on level 5 of the Dungeon)

   [amulet of reflection]

   Reflect:   It reflects blocked missile attacks.
   Int+8:     It affects your intelligence (+8).
   Dex-2:     It affects your dexterity (-2).
   rPois:     It protects you from poison rCorr: It protects you from acid and
   corrosion.
   SH+5:      It affects your SH (+5).
 Q - an amulet of reflection
Wands
 v - a wand of quicksilver (8)
 G - a wand of mindburst (12)
 K - a wand of charming (7)
Scrolls
 g - a scroll of vulnerability {unknown}
 k - 2 scrolls of immolation
 m - 3 scrolls of fog {unknown}
 n - 4 scrolls of teleportation
 y - 4 scrolls of revelation {unknown}
 z - 3 scrolls of noise {unknown}
 E - a scroll of fear {unknown}
 F - a scroll of identify
 H - a scroll of enchant weapon {unknown}
 L - a scroll of poison {unknown}
 P - a scroll of enchant armour {unknown}
Potions
 d - 3 potions of magic
 e - a potion of attraction {unknown}
 h - a potion of lignification {unknown}
 p - 5 potions of might {unknown}
 q - 3 potions of curing
 t - a potion of berserk rage {unknown}
 u - 2 potions of mutation {unknown}
 x - a potion of degeneration {unknown}
 D - 2 potions of ambrosia {unknown}
 M - a potion of enlightenment {unknown}
 R - a potion of invisibility {unknown}


   Skills:
 + Level 1.1 Polearms
 + Level 7.8 Dodging
 - Level 1.7 Stealth
 + Level 8.2 Spellcasting
 + Level 8.3 Conjurations
 - Level 1.0 Summonings
 - Level 5.0 Translocations
 + Level 4.3 Fire Magic
 + Level 4.8 Poison Magic


You had 11 spell levels left.
You knew the following spells:

 Your Spells              Type           Power      Damage    Failure   Level
a - Magic Dart            Conj           100%       1d8       1%          1
b - Blink                 Tloc           62%        N/A       8%          2
c - Mephitic Cloud        Conj/Pois/Air  28%        N/A       21%         3
d - Flame Wave            Conj/Fire      36%        2d10      30%         4
e - Olgreb's Toxic Radia  Pois           30%        N/A       47%         4

Your spell library contained the following spells:

 Spells                   Type           Power      Damage    Failure   Level
 Scorch                   Fire           56%        2d7       11%         2
 Sting                    Tmut/Pois      76%        1d6       16%         1
 Poisonous Vapours        Pois/Air       38%        N/A       22%         2
 Cigotuvi's Dreadful Rot  Necr/Pois/Air  32%        N/A       30%         2
 Slow                     Hex            36%        N/A       38%         1
 Call Imp                 Summ           26%        N/A       38%         2
 Wereblood                Tmut           9%         N/A       52%         2
 Frozen Ramparts          Ice            18%        1d3       77%         3
 Irradiate                Conj/Tmut      13%        3d16      90%         5
 Freezing Cloud           Conj/Ice/Air   10%        6-21      98%         5
 Petrify                  Tmut/Erth      9%         N/A       99%         4
 Metabolic Englaciation   Hex/Ice        4%         N/A       100%        5
 Summon Cactus Giant      Summ           6%         N/A       100%        6


Dungeon Overview and Level Annotations

Branches:
Dungeon (8/15)             Temple (1/1) D:5            Lair (1/5) D:8
  Sewer (visited)

Altars:
Ashenzari
Cheibriados
Dithmenos
Fedhas
Gozag
Hepliaklqana
Kikubaaqudgha
Makhleb
Nemelex Xobeh
Okawaru
Qazlal
Ru
Trog
Uskayaw
Vehumet
Wu Jian
Xom
Yredelemnul

Shops:
D:2 !

Annotations:
D:6 exclusion: oklob plant


Innate Abilities, Weirdness & Mutations

You have a pair of small antennae on your head.
You are mostly covered in rugged brown scales. (AC +2, +5% HP)
You sometimes gain a little power by taking damage.
Spells you cast may paralyse nearby enemies.


Message History

The catoblepas is lightly wounded.
Malevolent energies surge around you. The catoblepas gores you.
Unknown command.
Casting: Magic Dart (safe; 1% risk of failure)
Confirm with . or Enter, or press ? or * to list all spells.
Aiming: Magic Dart (safe; 1% risk of failure)
Press: ? - help, Shift-Dir - straight line, f/p - catoblepas
Aim: a catoblepas (100% to hit)
Okay, then.
Casting: Magic Dart (safe; 1% risk of failure)
Confirm with . or Enter, or press ? or * to list all spells.
Aiming: Mephitic Cloud (dangerous; 21% risk of failure)
Press: ? - help, Shift-Dir - straight line, f/p - catoblepas
Aim: a catoblepas (chance to affect: 34%)
The ball explodes into a vile cloud!
The stinking cloud engulfs the catoblepas but does no damage.
The stinking cloud engulfs you but does no damage.
Malevolent energies surge around you.
The catoblepas is engulfed in noxious fumes.
The catoblepas gores you!!
* * * LOW HITPOINT WARNING * * *
You focus on the pain.
You feel your power returning.
The catoblepas is engulfed in noxious fumes.
Casting: Mephitic Cloud (dangerous; 21% risk of failure)
Confirm with . or Enter, or press ? or * to list all spells.
Aiming: Magic Dart (safe; 1% risk of failure)
Press: ? - help, Shift-Dir - straight line, f/p - catoblepas
Aim: a catoblepas (noxious fumes, 100% to hit)
The magic dart hits the catoblepas but does no damage.
Malevolent energies surge around you.
The catoblepas is engulfed in noxious fumes.
The catoblepas appears confused.
Casting: Magic Dart (safe; 1% risk of failure)
Confirm with . or Enter, or press ? or * to list all spells.
Aiming: Magic Dart (safe; 1% risk of failure)
Press: ? - help, Shift-Dir - straight line, f/p - catoblepas
Aim: a catoblepas (confused, 100% to hit)
The magic dart hits the catoblepas but does no damage.
Malevolent energies surge around you. The catoblepas gores you!!
You die...

#.#.......#......#....###....#...
#.........#......................
#.#.#..##........P##.###.....#...
#................##### ##....#.##
#.........######## ######........
P.........###.○.°###.............
#.........##!..☼.$##.............
#...P#P#####.!##°P##.............
#...######## #Y@########........
#...#P....# ##..# ######...#####
#...#.....# ##..## #.......######
#...##....# #...## #...##...#....
#...##....###....###...##..##....
#...##....##.....#.....##..##....
#...##....##....#.####.)#...#....
#...##..........####.P..#........
#...##.#.P##...............######


You could see a catoblepas (confused).

Vanquished Creatures
  A black mamba (Lair:1)
  A cane toad (D:8)
  A rime drake (D:7)
  2 polar bears
  A wraith (D:7)
  13 yaks
  4 water moccasins
  An orc warrior (D:4)
  Duvessa (D:7)
  A sky beast (D:7)
  3 ice beasts
  3 ogres
  A centaur (D:8)
  4 wolves (D:8)
  2 phantoms (D:6)
  5 bullfrogs
  3 scorpions
  5 wights
  Dowan (D:7)
  9 killer bees
  4 howler monkeys
  A crimson imp (D:4)
  3 hounds (D:5)
  2 orc priests
  7 jellies
  A sleepcap (D:6)
  4 iguanas
  6 orc wizards
  A hell rat (Sewer)
  7 gnolls
  A river rat (Sewer)
  7 adders
  A shadow imp (D:5)
  2 white imps
  6 ufetubi
  A worm (D:5)
  4 dart slugs
  27 orcs
  6 ball pythons
  6 bats
  17 endoplasms
  3 giant cockroaches
  9 goblins
  7 hobgoblins
  5 jackals
  9 kobolds
  2 quokkas
  3 frilled lizards
  15 rats
229 creatures vanquished.

Notes
Turn   | Place    | Note
-------+----------+-------------------------------------------
     0 | D:1      | Descartes the Demonspawn Hedge Wizard began the quest for
                  | the Orb.
     0 | D:1      | Reached XP level 1. HP: 13/13 MP: 4/4
   415 | D:1      | Gained mutation: You are partially covered in rugged brown
                  | scales. (AC +1, +3% HP) [demonic ancestry]
   415 | D:1      | Reached XP level 2. HP: 13/19 MP: 1/6
  1120 | D:1      | Reached XP level 3. HP: 22/24 MP: 0/7
  1996 | D:2      | Found Pegaweess's Distillery.
  2735 | D:2      | Found a faded altar of an unknown god.
  2761 | D:2      | Gained mutation: Spells you cast may paralyse adjacent
                  | enemies. [demonic ancestry]
  2761 | D:2      | Reached XP level 4. HP: 30/30 MP: 4/9
  4043 | D:2      | Reached XP level 5. HP: 24/36 MP: 6/10
  4236 | D:3      | Learned a level 2 spell: Blink
  4306 | D:3      | Identified the +1 scale mail "Niozemol" {rElec rPois rF++
                  | Dex-5}
  4559 | D:4      | Reached skill level 1 in Translocations
  4731 | D:4      | Noticed an orc warrior
  4934 | D:4      | Learned a level 3 spell: Mephitic Cloud
  4936 | D:4      | Noticed an ogre
  4961 | D:3      | Killed an ogre
  4962 | D:3      | Reached XP level 6. HP: 15/42 MP: 5/12
  5728 | D:4      | HP: 2/42 [orc warrior/+1 glaive of flaming (11)]
  5882 | D:4      | Killed an orc warrior
  6249 | D:4      | Gained mutation: You sometimes gain a little power by
                  | taking damage. [demonic ancestry]
  6249 | D:4      | Reached XP level 7. HP: 47/47 MP: 6/14
  6416 | D:4      | Found a stormy altar of Qazlal.
  6471 | D:5      | Entered Level 5 of the Dungeon
  6520 | D:5      | Found a glowing drain.
  6543 | Sewer    | Entered a sewer
  6908 | D:5      | Identified the amulet of Discord {Reflect rPois rCorr Int+8
                  | Dex-2 SH+5}
  6943 | D:5      | Found a staircase to the Ecumenical Temple.
  6952 | Temple   | Entered the Ecumenical Temple
  7373 | D:5      | Reached skill level 5 in Spellcasting
  7753 | D:5      | Found a burning altar of Makhleb.
  8126 | D:6      | Noticed an oklob plant
  8193 | D:5      | Gained mutation: Spells you cast may paralyse nearby
                  | enemies. [demonic ancestry]
  8193 | D:5      | Reached XP level 8. HP: 53/53 MP: 14/16
  8519 | D:6      | Reached skill level 5 in Conjurations
  8574 | D:6      | Reached skill level 5 in Dodging
 10146 | D:7      | Noticed Duvessa
 10151 | D:7      | Noticed Dowan
 10169 | D:7      | Killed Duvessa
 10174 | D:7      | Killed Dowan
 10394 | D:7      | Gained mutation: You have a pair of small antennae on your
                  | head. [demonic ancestry]
 10394 | D:7      | Reached XP level 9. HP: 40/58 MP: 8/18
 10632 | D:7      | Reached skill level 5 in Translocations
 10997 | D:7      | Learned a level 4 spell: Flame Wave
 11002 | D:7      | Learned a level 4 spell: Olgreb's Toxic Radiance
 11184 | D:8      | Reached skill level 1 in Poison Magic
 11194 | D:8      | Reached skill level 1 in Fire Magic
 11199 | D:8      | Identified the +5 trident of Omugus {vamp, rPois Int+4}
 11433 | D:8      | Identified the +0 robe of Philately {+Blink rElec rF+}
 11687 | D:8      | Noticed a polar bear
 11706 | D:8      | Found a staircase to the Lair.
 11739 | D:8      | Killed a polar bear
 12182 | D:7      | Gained mutation: You are mostly covered in rugged brown
                  | scales. (AC +2, +5% HP) [demonic ancestry]
 12182 | D:7      | Reached XP level 10. HP: 35/62 MP: 13/20
 12827 | Lair:1   | Entered Level 1 of the Lair of Beasts
 12827 | Lair:1   | Noticed a cane toad
 12847 | D:8      | Killed a cane toad
 13706 | D:8      | HP: 2/66 [yak (8)]
 13987 | Lair:1   | Noticed a black mamba
 13995 | Lair:1   | Killed a black mamba
 14118 | Lair:1   | Reached skill level 1 in Polearms
 14737 | Lair:1   | Noticed a catoblepas
 14749 | Lair:1   | Mangled by a catoblepas

Illustrated notes

Levels and vault maps discovered:
D:1:      ncdulo_wetmaze, layout_basic
D:2:      layout_basic, ebering_ecumenical_altar_ruins, serial_shops, shop
D:3:      layout_basic
D:4:      layout_basic, mainiacjoe_overflow_cross_hatched,
          gammafunk_temple_overflow_pools, minmay_fire_ice_demons
D:5:      layout_cave_pods, lightli_temple_of_fire,
          minmay_temple_entry_purple_smoke, portal_sewer_entry_a
D:6:      lemuel_slime, layout_cave_pods, serial_column_ruins,
          column_ruins_courtyard_long, column_ruins_open_medium,
          column_ruins_open_small, column_ruins_grid_1
D:7:      layout_rooms, hangedman_decor_points, nicolae_zig_zag_zippers,
          uniq_duvessa
D:8:      layout_loops_ring, hellmonk_lair_entry_icy
Temple:   minmay_crystal_spiral_temple
Lair:1:   layout_regular_city, hibernation_bobbens, infiniplex_staircase_pool_2

Skill      XL: |  1  2  3  4  5  6  7  8  9 10 |
---------------+-------------------------------+-----
Dodging        | 2 3 4 5 6 7 |  7.8
Conjurations   | 2 3 4 6 7 8 |  8.3
Spellcasting   | 4 5 6 7 8 |  8.2
Translocations | 1 2 3 4 5 |  5.0
Poison Magic   | 2 4 |  4.8
Fire Magic     | 2 4 |  4.3
Polearms       | 1 |  1.1
Stealth        | |  1.7
Summonings     | |  1.0

Action                     |  1- 3 |  4- 6 |  7- 9 | 10-12 || total
---------------------------+-------+-------+-------+-------++-------
  Melee: Dagger            |    23 |       |    91 |       ||   114
         Staff             |     7 |    58 |    28 |       ||    93
         Trident           |       |       |    35 |   121 ||   156
   Cast: Magic Dart        |   113 |   148 |   354 |   149 ||   764
         Mephitic Cloud    |       |       |       |     2 ||     2
         Blink             |       |       |       |     1 ||     1
  Evoke: Wand              |       |     6 |       |       ||     6
    Use: Scroll            |       |       |     4 |       ||     4
         Potion            |       |       |     2 |     3 ||     5
   Stab: Sleeping          |     1 |       |       |       ||     1
         Paralysed         |       |    27 |   122 |    89 ||   238
 Armour: Robe              |    31 |    48 |       |       ||    79
         Scale mail        |       |    58 |   212 |   186 ||   456
  Dodge: Dodged            |    27 |    62 |   126 |    94 ||   309
         Repelled          |     1 |     1 |     1 |     1 ||     4

Table legend: (Time is in decaauts)
 A = Elapsed time spent in this place.
 B = Non-inter-level travel time spent in this place.
 C = Inter-level travel time spent in this place.
 D = Time resting spent in this place.
 E = Time spent auto-exploring this place.
 F = Levels seen in this place.
 G = Mean time per level.
                   A        B        C        D        E       F      G
               +--------+--------+--------+--------+--------+-----+--------+
         Total |  14895 |  14363 |    532 |      0 |  12010 |  11 | 1354.1 |
       Dungeon |  13311 |  12857 |    454 |      0 |  10789 |   8 | 1663.9 |
        Temple |      1 |      1 |      0 |      0 |      0 |   1 |    1.0 |
          Lair |   1318 |   1240 |     78 |      0 |   1028 |   1 | 1318.0 |
         Sewer |    264 |    264 |      0 |      0 |    192 |   1 |  264.0 |
               +--------+--------+--------+--------+--------+-----+--------+

Top non-repeatable levels by time:
     D:3: 2112 daAuts
     D:6: 2067 daAuts
     D:1: 1899 daAuts
     D:8: 1781 daAuts
     D:7: 1593 daAuts
     D:4: 1387 daAuts
  Lair:1: 1318 daAuts
     D:2: 1236 daAuts
     D:5: 1233 daAuts
   Sewer: 264 daAuts
  Temple: 1 daAuts
